 Dungeon Crawl Stone Soup version 0.22-a0-352-gc608dd7 (webtiles) character file.

174 Amnesiac the Conjurer (level 5, -3/38 HPs)
             Began as a Demigod Conjurer on Apr 14, 2018.
             Slain by an ice beast (10 damage)
             ... on level 5 of the Dungeon.
             The game lasted 00:04:32 (3059 turns).

Amnesiac the Conjurer (Demigod Conjurer)            Turns: 3059, Time: 00:04:32

Health: -3/38      AC:  2    Str: 11    XL:     5   Next: 7%
Magic:  8/23       EV: 12    Int: 21    God:
Gold:   150        SH:  0    Dex: 16    Spells: 5/12 levels left

rFire    + . .     SeeInvis .   a - +0 hunting sling
rCold    . . .     Gourm    .   (no shield)
rNeg     . . .     Faith    .   i - +0 robe
rPois    .         Spirit   .   (no helmet)
rElec    .         Reflect  .   (no cloak)
rCorr    .         Harm     .   (no gloves)
MR       .....                  (no boots)
Stlth    ++........             (no amulet)
HPRegen  0.12/turn              e - ring of magical power
MPRegen  0.18/turn              p - ring of protection from fire

@: no status effects
A: high mp 1
a: no special abilities


You were on level 5 of the Dungeon.
You were not hungry.

You visited 1 branch of the dungeon, and saw 5 of its levels.

You collected 150 gold pieces.

Inventory:

Hand Weapons
 a - a +0 hunting sling (weapon)
Missiles
 d - 4 poisoned needles
 j - 85 stones (quivered)
Armour
 i - a +0 robe (worn)
Jewellery
 e - a ring of magical power (left hand)
 k - an uncursed ring of protection from cold
 l - an uncursed ring of protection from fire
 p - a ring of protection from fire (right hand)
Scrolls
 b - 2 scrolls of identify {!r, unknown}
 h - 4 scrolls of blinking {!r}
 m - 2 scrolls of teleportation {!r}
 r - a scroll of enchant weapon {!r, unknown}
Potions
 g - a potion of might {!q, unknown}
 n - a potion of lignification {!q}
 o - a potion of flight {!q, unknown}
 q - a potion of agility {!q}
Comestibles
 c - 6 rations


   Skills:
 - Level 1.7 Dodging
 - Level 1.7 Stealth
 * Level 4.0 Spellcasting
 + Level 4.5 Conjurations


You had 5 spell levels left.
You knew the following spells:

 Your Spells              Type           Power        Failure   Level  Hunger
a - Magic Dart            Conj           ###.         1%          1    None
d - Iskenderun's Mystic   Conj           ###.....     19%         4    ####...
e - Searing Ray           Conj           ###...       2%          2    #......


Dungeon Overview and Level Annotations

Branches:
Dungeon (4/15)
 Temple: D:4-7


Innate Abilities, Weirdness & Mutations

You have an increased reservoir of magic. (+10% MP)


Message History

Press: ? - help, Shift-Dir - straight line, f - orc
Aim: an orc, wielding a hand axe of chopping and wearing a leather armour (resting)
The searing ray hits the orc.
The orc is heavily wounded. (Press . to maintain the ray.)
The searing ray hits the orc.
You kill the orc!
You have reached level 5!
Things that are here:
a hand axe of chopping; a leather armour There isn't anything to butcher here.
A gnoll comes into view.
The gnoll shouts!
The gnoll moves out of view.
A gnoll comes into view. It is wielding a halberd.
A gnoll is nearby!
The gnoll moves out of view.
An ice beast and a gnoll come into view.
Casting: Searing Ray (safe; 3% risk of failure)
Confirm with . or Enter, or press ? or * to list all spells.
Aiming: Searing Ray (safe; 3% risk of failure)
Press: ? - help, Shift-Dir - straight line, f - gnoll
Aim: a gnoll The searing ray hits the gnoll.
The gnoll is moderately wounded. (Press . to maintain the ray.)
The gnoll shouts!
The gnoll moves out of view.
The searing ray hits the gnoll.
The gnoll is almost dead.
The searing ray hits the gnoll.
You kill the gnoll!
Your Spellcasting skill increases to level 4!
The gnoll shouts!
The searing ray hits the ice beast.
The ice beast is moderately wounded.
You finish channeling your searing ray.
Things that are here:
a hand axe of chopping; a leather armour
Casting: Searing Ray (safe; 2% risk of failure)
Confirm with . or Enter, or press ? or * to list all spells.
Aiming: Searing Ray (safe; 2% risk of failure)
Press: ? - help, Shift-Dir - straight line, f - ice beast
Aim: an ice beast (moderately wounded)
The searing ray hits the ice beast.
The ice beast is moderately wounded. (Press . to maintain the ray.)
The searing ray hits the ice beast.
The ice beast is heavily wounded.
The ice beast hits you.
* * * LOW HITPOINT WARNING * * *
The ice beast freezes you!
* * * LOW HITPOINT WARNING * * *
The searing ray hits the ice beast.
The ice beast is heavily wounded.
The ice beast closely misses you.
The searing ray hits the ice beast.
The ice beast is almost dead.
The searing ray hits the gnoll.
The gnoll is heavily wounded.
You finish channeling your searing ray.
The ice beast hits you.
* * * LOW HITPOINT WARNING * * *
The ice beast freezes you!
You die...

.####.# ...##.#
.#.##.### . ........#
.## ##.##.#.########..#
...##....#.....##.####.
##.##..................
#.##....[......#.####
##.##..........#@.#
#.............###Y##
#..##........## ##g#
#..##########.# #.##
#..# #.#.Y# #..# ..g.#
#... #..### ...# #.g#
#.. #..


You could see an ice beast and a gnoll.

Vanquished Creatures
  An orc priest (D:3)
  A gnoll (D:5)
  2 adders (D:2)
  A shadow imp (D:5)
  An ooze (D:2)
  5 worms
  2 dart slugs
  A leopard gecko (D:3)
  8 orcs
  11 bats
  4 giant cockroaches
  7 goblins
  6 hobgoblins
  5 jackals (D:1)
  2 quokkas (D:3)
  3 ball pythons
  3 frilled lizards
  6 kobolds
  6 rats
75 creatures vanquished.

Notes
Turn   | Place    | Note
-------+----------+-------------------------------------------
     0 | D:1      | Amnesiac the Demigod Conjurer began the quest for the Orb.
     0 | D:1      | Reached XP level 1. HP: 14/14 MP: 5/5
   197 | D:1      | Reached XP level 2. HP: 20/20 MP: 7/7
   234 | D:1      | Learned a level 2 spell: Searing Ray
   427 | D:1      | Found a basalt altar of Yredelemnul.
   955 | D:2      | Reached XP level 3. HP: 6/26 MP: 9/9
   969 | D:1      | HP: 1/26 [poisoned by an adder]
  1233 | D:2      | Found a burning altar of Makhleb.
  1233 | D:2      | Noticed a cacodemon
  2148 | D:3      | Reached XP level 4. HP: 33/33 MP: 11/11
  2155 | D:3      | Learned a level 4 spell: Iskenderun's Mystic Blast
  2954 | D:4      | You fall through a shaft!
  2954 | D:5      | Entered Level 5 of the Dungeon
  3043 | D:5      | Reached XP level 5. HP: 18/38 MP: 14/14
  3049 | D:5      | Noticed an ice beast
  3059 | D:5      | Slain by an ice beast

Vault maps used:
D:1:      matt_arrival_grand_opening, st_stairs_4, kennysheep_flooded_box
D:2:      makhleb_altar_promises_db
D:3:      hangedman_glass_teeth
D:4:      fedhas_altar_2, first_ration, lightli_sewer_entry_pipes

Skill      XL: |  1  2  3  4  5 |
---------------+----------------+-----
Spellcasting   | 2 3 4 |  4.0
Conjurations   | 4 |  4.5
Dodging        | |  1.7
Stealth        | |  1.7

Action                   |  1- 3 |  4- 6 || total
-------------------------+-------+-------++-------
Melee: Unarmed           |       |     8 ||     8
 Fire: Hunting sling     |    54 |    94 ||   148
 Cast: Magic Dart        |    67 |     5 ||    72
       Searing Ray       |     3 |     6 ||     9
       Iskenderun's Myst |       |     3 ||     3
  Use: Scroll            |     3 |     1 ||     4
       Potion            |     1 |     5 ||     6
  Eat: Chunk             |     4 |     4 ||     8
Armor: Robe              |    12 |     8 ||    20
       Skin              |       |    13 ||    13
Dodge: Dodged            |    20 |    29 ||    49

Table legend:
 A = Spawn XP
 B = Non-spawn XP
 C = Spawn XP percentage of total XP
 D = Spawn monster count
 E = Non-spawn monster count
 F = Spawn count percentage of total count
 G = Total turns spent on level
                    A         B        C        D         E        F      G
               +---------+---------+-------+---------+---------+-------+---------
         Total |       0 |     249 |   0.0 |       0 |      75 |   0.0 |  3059
               +---------+---------+-------+---------+---------+-------+---------
           D:1 |       0 |      35 |   0.0 |       0 |      19 |   0.0 |  1198
           D:2 |       0 |      76 |   0.0 |       0 |      22 |   0.0 |   915
           D:3 |       0 |      96 |   0.0 |       0 |      26 |   0.0 |   787
           D:4 |       0 |       1 |   0.0 |       0 |       1 |   0.0 |    54
           D:5 |       0 |      41 |   0.0 |       0 |       7 |   0.0 |   105
               +---------+---------+-------+---------+---------+-------+---------
